 Dungeon Crawl Stone Soup version 0.30.1-11-g7821555f0a (webtiles) character file.

Game seed: 10988557284592546018

44 Dordric the Magician (level 3, -1/27 HPs)
             Began as a Mummy Reaver on Nov 9, 2023.
             Slain by Sigmund
             ... wielding a +0 scythe
              (3 damage)
             ... on level 3 of the Dungeon.
             The game lasted 00:01:43 (1361 turns).

Dordric the Magician (Mummy Reaver)                 Turns: 1361, Time: 00:01:44

Health: -1/27      AC:  6    Str: 15    XL:     3   Next: 39%
Magic:  8/8        EV: 10    Int: 12    God:
Gold:   140        SH:  0    Dex: 12    Spells: 8/9 levels left

rFire   x . .        a - +0 falchion
rCold   + . .        (no shield)
rNeg    + + +        c - +0 ring mail
rPois   ∞            d - +0 helmet
rElec   .            (no cloak)
rCorr   .            (no gloves)
SInv    .            (no boots)
Will    .....        (no amulet) Stlth
                     (no ring)
HPRegen 0.24/turn    (no ring)
MPRegen 0.11/turn

%: faith
@: confused
A: cold resistance 1, negative energy resistance 3, torment resistance 2, heat
vulnerability 1, in touch with death 1, no potions, faith
a: no special abilities


You were on level 3 of the Dungeon.
You visited 1 branch of the dungeon, and saw 3 of its levels.

You collected 140 gold pieces.

Inventory:

Hand Weapons
 a - a +0 falchion (weapon)
Armour
 b - a +0 leather armour
 c - a +0 ring mail (worn)
 d - a +0 helmet (worn)
Scrolls
 e - a scroll of vulnerability {unknown}
 f - a scroll of fear {unknown}
 g - a scroll of enchant armour {unknown}
 h - 2 scrolls of identify {unknown}
 i - a scroll of magic mapping {unknown}
 j - 2 scrolls of noise {unknown}
 k - a scroll of torment {unknown}
 l - 4 scrolls of enchant weapon {unknown}
 m - a scroll of fog {unknown}
 n - a scroll of silence {unknown}


   Skills:
 - Level 2.0 Fighting
 + Level 2.9 Long Blades
 - Level 1.5 Dodging
 + Level 3.5 Spellcasting
 - Level 2.4 Conjurations
 + Level 1.5 Necromancy


You had 8 spell levels left.
You knew the following spells:

 Your Spells              Type           Power      Damage    Failure   Level
a - Kiss of Death         Conj/Necr      40%        2d8       21%         1

Your spell library contained the following spells:

 Spells                   Type           Power      Damage    Failure   Level
 Momentum Strike          Conj/Tloc      10%        3d8       38%         2
 Hailstorm                Conj/Ice       5%         3d4       63%         3
 Confusing Touch          Hex            2%         N/A       80%         3
 Dispel Undead            Necr           8%         3d8       94%         4


Dungeon Overview and Level Annotations

Branches:
Dungeon (3/15)

Altars:

Annotations:
D:3 Sigmund


Innate Abilities, Weirdness & Mutations

You are immune to poison.
Your flesh is cold resistant. (rC+)
You are immune to negative energy. (rN+++)
You are immune to unholy pain and torment.
You are vulnerable to heat. (rF-)
You are in touch with the powers of death.
You do not drink.
You have a special connection with the divine. (Faith)


Message History

Found a stone staircase leading down.
A rat is nearby!
Sigmund the Dreaded comes into view.
He is wielding a +0 scythe.
Sigmund shouts!
There are monsters nearby!
There are monsters nearby!
Sigmund drinks a potion.
Sigmund suddenly seems more resistant.
The rat bites you.
You hit the rat but do no damage.
Sigmund laughs darkly.
The rat twitches its whiskers.
The rat closely misses you.
You barely miss the rat. The rat bites you but does no damage.
You closely miss the rat. The rat bites you but does no damage.
You closely miss the rat. Sigmund closely misses you.
The rat bites you but does no damage.
You hit the rat but do no damage. The rat barely misses you.
Sigmund hits you from afar with a +0 scythe!
The rat closely misses you.
You slash the rat!
You kill the rat!
Sigmund points at you and mumbles some strange words.
You are confused.
You bump into the rock wall.
Sigmund barely misses you.
You're too confused to cast spells.
Found a scroll labelled NEZ SUWEDEYT.
Sigmund hits you with a +0 scythe. Sigmund hits you with a +0 scythe.
You're too confused to move!
You feel less confused. Sigmund gestures at you while chanting.
You are confused.
Sigmund attacks as you move away! Sigmund hits you with a +0 scythe.
* * * LOW HITPOINT WARNING * * *
Sigmund casts a spell.
Sigmund flickers and vanishes!
Deactivating autopickup; reactivate with Ctrl-A.
Something hits you!
* * * LOW HITPOINT WARNING * * *
Something hits you.
You die...

...##........
....#........
.............###
........#####... ##
....!...# ##.... .#+###
........+.##....####......
........#.................
..........................
...............=@.......?.
..........................
................{.........
..........................
......†.............>.....
..............######......
..............# #+###..
###...........####... ..
#.[................


There were no monsters in sight!

Vanquished Creatures
  An adder (D:3)
  2 dart slugs (D:2)
  4 endoplasms
  3 giant cockroaches
  2 goblins
  3 hobgoblins
  3 quokkas
  3 ball pythons
  A bat (D:3)
  2 frilled lizards
  2 kobolds (D:2)
  5 rats
31 creatures vanquished.

Notes
Turn   | Place    | Note
-------+----------+-------------------------------------------
     0 | D:1      | Dordric the Mummy Reaver began the quest for the Orb.
     0 | D:1      | Reached XP level 1. HP: 16/16 MP: 4/4
   286 | D:1      | Reached skill level 3 in Spellcasting
   318 | D:1      | Reached XP level 2. HP: 22/22 MP: 6/6
   652 | D:2      | Reached skill level 1 in Necromancy
   970 | D:2      | Gained mutation: You are in touch with the powers of death.
                  | [Mummy growth]
   970 | D:2      | Reached XP level 3. HP: 25/27 MP: 7/7
  1343 | D:3      | Noticed Sigmund
  1359 | D:3      | HP: 1/27 [something (7)]
  1361 | D:3      | Slain by Sigmund

Illustrated notes

Levels and vault maps discovered:
D:1:      psy_arrival_basics, layout_loops_ring
D:2:      layout_loops_ring
D:3:      layout_basic, nicolae_tso_swordbearing_angel,
          hangedman_feature_mirror, kennysheep_generic_room_12, uniq_sigmund

Skill      XL: |  1  2 |
---------------+-------+-----
Spellcasting   | 3 |  3.5
Necromancy     | 1 |  1.5
Fighting       | |  2.0
Long Blades    | |  2.9
Dodging        | |  1.5
Conjurations   | |  2.4

Action                     || total
---------------------------++-------
  Melee: Falchion          ||    92
 Armour: Ring mail         ||    42
         Leather armour    ||     2
  Dodge: Dodged            ||    40
